 Dungeon Crawl Stone Soup version 0.29.1-2-gbd0b4ee654 (webtiles) character file.

Game seed: 3643284370746084285

33 xian the Trooper (level 3, -4/33 HPs)
             Began as a Draconian Berserker on Oct 29, 2022.
             Was a Believer of Trog.
             Killed from afar by Sigmund (9 damage)
             ... with a magic dart
             ... on level 2 of the Dungeon.
             The game lasted 00:01:41 (987 turns).

xian the Trooper (Draconian Berserker)               Turns: 987, Time: 00:01:42

Health: -4/33      AC:  5    Str: 21    XL:     3   Next: 12%
Magic:  3/3        EV: 12    Int:  7    God:    Trog [**....]
Gold:   26         SH:  0    Dex: 10    Spells: 2/2 levels left

rFire   . . .      SeeInvis .   a - +0 mace
rCold   . . .      Faith    .   c - orb {*Rage}
rNeg    . . .      Spirit   .   (body armour unavailable)
rPois   .          Reflect  .   (helmet restricted)
rElec   .          Harm     .   (no cloak)
rCorr   .          Rampage  .   (no gloves)
Will    .....      Rage     20% (no boots)
Stlth   +.........              (no amulet)
HPRegen 0.11/turn               (no ring)
MPRegen 0.08/turn               (no ring)

@: on berserk cooldown, slowed, very slow
A: AC +5, unfitting armour, cold-blooded
a: Renounce Religion, Berserk, Trog's Hand


You were on level 2 of the Dungeon.
You worshipped Trog.
Trog was pleased with you.
You visited 1 branch of the dungeon, and saw 2 of its levels.

You collected 26 gold pieces.

Inventory:

Hand Weapons
 a - a +0 mace (weapon)
Armour
 c - an orb of wrath (worn)
Scrolls
 d - a scroll of noise {unknown}
 g - a scroll of enchant armour {unknown}
 h - 3 scrolls of identify {unknown}
Potions
 b - a potion of haste {unknown}
 e - a potion of curing {unknown}
 f - a potion of flight {unknown}


   Skills:
 + Level 3.7 Fighting
 + Level 3.4 Maces & Flails
 + Level 3.2 Dodging


You had 2 spell levels left.
You didn't know any spells.
Your spell library was empty.

Dungeon Overview and Level Annotations

Branches:
Dungeon (2/15)

Altars:

Annotations:
D:2 Sigmund


Innate Abilities, Weirdness & Mutations

Your plain brown scales are hard. (AC +5)
You cannot fit into any form of body armour.
You are cold-blooded and may be slowed by cold attacks.


Message History

You completely miss something.
Your tail-slap misses something.
Something hits you.
You closely miss something.
Your tail-slap misses something.
Something hits you but does no damage.
You hit something.
You hear some strange, mumbled words.
A puff of flame appears from out of thin air!
The puff of flame hits you.
A red film seems to cover your vision as you go berserk!
You feel yourself moving faster!
You feel mighty!
You sock something! Something hits you but does no damage.
You miss something. You miss something. Something hits you.
* * * LOW HITPOINT WARNING * * *
You barely miss something. You completely miss something.
Something hits you but does no damage.
You closely miss something.
Your tail-slap misses something.
Something hits you.
* * * LOW HITPOINT WARNING * * *
You miss something.
Your tail-slap misses something.
You miss something. You tail-slap something.
Something hits you but does no damage.
You miss something. You completely miss something.
You hear some strange, mumbled words.
You are confused.
You miss something. Something barely misses you.
You bump into the rock wall.
You are no longer berserk.
You are exhausted.
You feel yourself slow down.
You bump into the rock wall.
Something hits you.
* * * LOW HITPOINT WARNING * * *
You bump into the rock wall.
Something hits you but does no damage.
You're too confused to move!
You feel less confused.
You hear some strange, mumbled words.
A magic dart appears from out of thin air!
The magic dart hits you!
You die...

.#.##.#
.$........#
.#.##.# #........#
.#.##.# #........
.#.##.# #.......#
.#.##.# #.......#
.#.##.# #.......#
.#.##.# #.......#
.#.##.# ######{##
.#.##.# ##### #@#
.#.##.# #...# #.#
<#.##.####...###.#
##.##............#
...#######...#####
#### ###...#####
#.........#
#.........#
#.........#


There were no monsters in sight!

Vanquished Creatures
  5 endoplasms (D:1)
  A goblin (D:1)
  A hobgoblin (D:1)
  8 jackals (D:1)
  A quokka (D:1)
  A ball python (D:1)
  5 bats (D:1)
  8 rats
30 creatures vanquished.

Notes
Turn   | Place    | Note
-------+----------+-------------------------------------------
     0 | D:1      | xian the Draconian Berserker began the quest for the Orb.
     0 | D:1      | Reached XP level 1. HP: 19/19 MP: 1/1
    98 | D:1      | Reached XP level 2. HP: 23/26 MP: 2/2
   512 | D:1      | Reached ** piety under Trog
   525 | D:1      | Reached XP level 3. HP: 10/33 MP: 3/3
   957 | D:2      | Noticed Sigmund
   987 | D:2      | Killed from afar by Sigmund

Illustrated notes

Levels and vault maps discovered:
D:1:      minmay_arrival_hallway, layout_rooms
D:2:      layout_basic, basic_altar, uniq_sigmund, uniq_jessica, uniq_robin

Skill      XL: |  1  2 |
---------------+-------+-----
Dodging        | 3 |  3.2
Fighting       | |  3.7
Maces & Flails | |  3.4

Action                   || total
-------------------------++-------
Melee: Mace              ||    82
       Tailslap          ||     5
Invok: Berserk           ||     1
Armor: Skin              ||    63
Dodge: Dodged            ||   109
